 Dungeon Crawl Stone Soup version 0.27.0-1-g7a089689b8 (webtiles) character file.

Game seed: 7439068662825764351

4150 Demosthentine the Spear-Bearer (level 10, -12/80 HPs)
             Began as a Merfolk Gladiator on Aug 1, 2021.
             Was a Believer of the Shining One.
             Mangled by a death yak (16 damage)
             ... on level 9 of the Dungeon.
             The game lasted 00:13:30 (9492 turns).

Demosthentine the Spear-Bearer (Merfolk Gladiator)  Turns: 9492, Time: 00:13:30

Health: -12/80     AC:  8    Str: 25    XL:     10   Next: 27%
Magic:  10/10      EV: 21    Int:  9    God:    the Shining One [**....]
Gold:   328        SH:  0    Dex: 16    Spells: 9/9 levels left

rFire    + . .     SeeInvis .   a - +1 trident (freeze)
rCold    . . .     Faith    .   (no shield)
rNeg     + . .     Spirit   .   p - +0 leather armour "Sonelamm" {Str+6}
rPois    .         Reflect  .   c - +1 helmet
rElec    .         Harm     .   (no cloak)
rCorr    .         Rampage  .   B - +1 pair of gloves {Str+3}
Will     .....                  (no boots)
Stlth    +.........             (no amulet)
HPRegen  0.23/turn              e - +4 ring of evasion
MPRegen  0.12/turn              A - ring of protection from fire

@: mighty, glowing
A: (nimble swimmer 2), mertail
a: Renounce Religion, Divine Shield


You were on level 9 of the Dungeon.
You worshipped the Shining One.
The Shining One was pleased with you.
You visited 2 branches of the dungeon, and saw 10 of its levels.
You also visited: Sewer.

You collected 510 gold pieces.
You spent 182 gold pieces at shops.

Inventory:

Hand Weapons
 a - a +1 trident of freezing (weapon)
Missiles
 d - 4 throwing nets (quivered)
Armour
 c - a +1 helmet (worn)
 p - the +0 leather armour "Sonelamm" (worn) {Str+6}
   (You bought it in a shop on level 4 of the Dungeon)

   Str:       It affects your strength (+6).
 B - a +1 pair of gloves of strength (worn)
 C - a +0 buckler
Jewellery
 e - a +4 ring of evasion (left hand)
 A - a ring of protection from fire (right hand)
Wands
 l - a wand of digging (4)
 o - a wand of flame (11)
 r - a wand of polymorph (8)
Scrolls
 g - 4 scrolls of enchant armour
 n - a scroll of vulnerability {unknown}
 q - a scroll of identify
 s - 3 scrolls of enchant weapon
 t - 3 scrolls of teleportation
 v - a scroll of brand weapon
 x - a scroll of blinking
Potions
 b - a potion of brilliance
 f - 4 potions of lignification
 h - a potion of cancellation
 i - 8 potions of heal wounds
 j - 5 potions of flight
 m - 2 potions of haste {unknown}
 u - 4 potions of curing
 w - a potion of ambrosia {unknown}
 z - a potion of attraction {unknown}


   Skills:
 + Level 8.2 Fighting
 + Level 11.1 Polearms
 - Level 2.0 Throwing
 - Level 5.2 Armour
 + Level 10.2 Dodging
 + Level 1.7 Shields
 + Level 1.0 Invocations


You had 9 spell levels left.
You didn't know any spells.
Your spell library was empty.

Dungeon Overview and Level Annotations

Branches:
Dungeon (9/15)             Temple (1/1) D:4           Sewer (visited)
   Lair: D:8-11         Orc: D:9-12

Altars:
Ashenzari
Dithmenos
Elyvilon
Fedhas
Gozag
Hepliaklqana
Okawaru
Qazlal
Ru
Sif Muna
Trog
Uskayaw
Vehumet
Wu Jian
Xom
Yredelemnul
Zin
The Shining One
Lugonu

Shops:
D:4 [


Innate Abilities, Weirdness & Mutations

((You are quick and stealthy near water. (Stealth+, EV+, Speed+++)))
Your lower body shifts to a powerful aquatic tail in water.


Message History

Deactivating autopickup; reactivate with Ctrl-A.
The centaur wields a +0 shortbow.
The centaur shoots an arrow.
The arrow hits you.
A death yak comes into view.
An orc comes into view. It is wielding a +0 short sword.
Unknown command.
Unknown command.
The orc priest calls down the wrath of Beogh upon you.
Beogh smites you!
You hear a bellow!
Unknown command.
You reach to attack!
You hit the orc warrior but do no damage.
The orc warrior hits you from afar with a +0 glaive!
You reach to attack!
You puncture the orc warrior! You freeze the orc warrior.
The orc warrior is heavily wounded.
You reach to attack!
You hit the orc warrior but do no damage.
The orc warrior is heavily wounded.
The orc warrior completely misses you.
You reach to attack!
You puncture the orc warrior! You freeze the orc warrior.
You kill the orc warrior!
Your Invocations skill increases to level 1!
The death yak bellows!
You feel very mighty all of a sudden. The death yak gores you!!
Reach: a) +1 trident (freeze)
Press: ? - help, Dir - move target, f - orc priest
Aim: an orc priest, wielding a +0 whip and wearing a +0 ring mail (haloed, about 14% to evade your +1 trident of freezing)
The death yak is in the way.
You hit the death yak. You freeze the death yak.
The death yak is lightly wounded.
The death yak gores you!!
* * * LOW HITPOINT WARNING * * *
Reach: a) +1 trident (freeze)
Press: ? - help, Dir - move target, f - death yak
Aim: a death yak (lightly wounded, haloed, about 3% to evade your +1 trident of freezing)
You hit the death yak but do no damage.
The death yak is lightly wounded.
The death yak gores you!
You die...

#.##.#.##.#...##.#
##.........#...##.#
#.....#....######.#
+.....'....# #.#
#.....###.#######.#
#.....#...........#
#.....#...#########
#)###+############
#.@YcoY..o........
####Y......######
##o#######.#### $
##.#..≈≈≈..#...###.
##.#..≈...≈..#......
#.#...≈._.≈..o#.....
##.#..≈...≈..#...o..
##.#..≈≈≈..#.#..)..
##.#######.##.).Y.


You could see 3 death yaks, a centaur and 2 orcs.

Vanquished Creatures
  A troll (D:9)
  A wraith (D:7)
  A steam dragon (D:8)
  Menkaure (D:5)
  A water moccasin (D:6)
  A black bear (D:6)
  2 orc warriors
  3 ice beasts (D:5)
  A sky beast (D:6)
  A necrophage (D:4)
  2 ogres
  4 centaurs
  A phantom (D:5)
  A kobold brigand (Sewer)
  Blork the orc (D:5)
  A bullfrog (D:8)
  2 gnoll sergeants
  A wyvern skeleton (D:6)
  A water moccasin zombie (D:6)
  9 wights (D:8)
  A howler monkey (D:3)
  A vampire bat (D:3)
  2 centaur zombies (D:8)
  3 jellies
  2 hounds
  6 orc priests
  A bullfrog skeleton (D:7)
  An iguana (D:3)
  10 orc wizards
  A hound skeleton (D:5)
  2 howler monkey skeletons
  10 adders
  18 gnolls
  3 river rats (Sewer)
  2 worms
  2 dart slugs
  3 fire bats (D:3)
  23 orcs
  2 spectral bats (D:3)
  7 ball pythons
  3 bat skeletons (D:3)
  A bat zombie (D:3)
  6 endoplasms
  A giant cockroach (D:1)
  2 goblins (D:2)
  5 hobgoblins
  15 jackals
  6 quokkas
  14 bats
  A bat simulacrum (D:3)
  8 frilled lizards
  10 kobolds
  11 rats
219 creatures vanquished.

Vanquished Creatures (others)
  7 plants (D:1)
7 creatures vanquished.

Grand Total: 226 creatures vanquished

Notes
Turn   | Place    | Note
-------+----------+-------------------------------------------
     0 | D:1      | Demosthentine the Merfolk Gladiator began the quest for the
                  | Orb.
     0 | D:1      | Reached XP level 1. HP: 16/16 MP: 1/1
   308 | D:1      | Reached XP level 2. HP: 18/23 MP: 2/2
  1169 | D:2      | HP: 1/23 [adder (1)]
  1176 | D:2      | Reached XP level 3. HP: 14/28 MP: 3/3
  1349 | D:2      | Reached skill level 5 in Polearms
  1360 | D:2      | Reached skill level 1 in Armour
  1472 | D:2      | Found a faded altar of an unknown god.
  1654 | D:2      | Reached XP level 4. HP: 28/35 MP: 4/4
  2301 | D:3      | Reached skill level 5 in Dodging
  2301 | D:3      | Reached XP level 5. HP: 20/41 MP: 5/5
  3068 | D:3      | Reached skill level 6 in Polearms
  3080 | D:3      | Reached XP level 6. HP: 36/48 MP: 6/6
  3647 | D:4      | Noticed a necrophage
  3653 | D:4      | Killed a necrophage
  3768 | D:4      | Reached XP level 7. HP: 36/55 MP: 7/7
  3904 | D:4      | Found Peqaz's Antique Armour Shop.
  4438 | D:4      | Found a staircase to the Ecumenical Temple.
  4743 | Temple   | Entered the Ecumenical Temple
  4776 | Temple   | Became a worshipper of the Shining One
  4810 | D:5      | Entered Level 5 of the Dungeon
  4821 | D:5      | Found a stormy altar of Qazlal.
  4853 | D:5      | Reached skill level 7 in Polearms
  5029 | D:5      | Found a bloodstained altar of Trog.
  5059 | D:5      | Noticed Menkaure
  5068 | D:5      | Killed Menkaure
  5069 | D:5      | Reached skill level 5 in Fighting
  5385 | D:5      | Reached XP level 8. HP: 62/62 MP: 8/8
  5566 | D:5      | Found a shadowy altar of Dithmenos.
  5726 | D:5      | Noticed Blork the orc
  5733 | D:5      | Killed Blork the orc
  5734 | D:5      | Reached skill level 8 in Polearms
  5994 | D:4      | Bought a brightly glowing leather armour for 182 gold
                  | pieces
  5994 | D:4      | Identified the +0 leather armour "Sonelamm" {Str+6} (You
                  | bought it in a shop on level 4 of the Dungeon)
  6152 | D:6      | Reached * piety under the Shining One
  6208 | D:6      | Reached skill level 9 in Polearms
  6268 | D:6      | Reached XP level 9. HP: 71/71 MP: 9/9
  6497 | D:6      | Found a glowing drain.
  6506 | Sewer    | Entered a sewer
  6845 | Sewer    | Found a glowing silver altar of Zin.
  7196 | D:7      | You fall into a shaft and drop 1 floor!
  7320 | D:7      | Found an ornate altar of the Wu Jian Council.
  7463 | D:7      | Found a broken altar of Ashenzari.
  7757 | D:7      | Reached skill level 10 in Polearms
  8257 | D:7      | Found a glowing silver altar of Zin.
  8257 | D:7      | Noticed an angel
  8463 | D:8      | Reached ** piety under the Shining One
  8614 | D:8      | Found an iron altar of Okawaru.
  8614 | D:8      | Found a shimmering altar of Xom.
  8631 | D:8      | Reached skill level 5 in Armour
  8634 | D:8      | Reached XP level 10. HP: 77/80 MP: 10/10
  8775 | D:8      | Reached skill level 10 in Dodging
  8836 | D:8      | Reached skill level 1 in Shields
  9060 | D:8      | Reached skill level 11 in Polearms
  9442 | D:9      | Found a sacrificial altar of Ru.
  9463 | D:9      | Noticed a death yak
  9465 | D:9      | Noticed a death yak
  9474 | D:9      | Noticed a death yak
  9489 | D:9      | Reached skill level 1 in Invocations
  9491 | D:9      | HP: 4/80 [death yak (23)]
  9492 | D:9      | Mangled by a death yak

Illustrated notes

Levels and vault maps discovered:
D:1:      roderic_crop_circles_arrival_small, layout_basic
D:2:      minmay_inner_zag, layout_basic, hellmonk_ecumenical_altar_arch_garden
D:3:      layout_basic, grunt_ministairs_5, goddamned_bats
D:4:      layout_gridville, minmay_temple_entry_statues_fountains, serial_shops,
          nicolae_take_the_stairs
D:5:      layout_gridville, mainiacjoe_overflow_24_doors,
          grunt_qazlal_sundering, grunt_dithmenos_smoke,
          chequers_serial_rivers_room_a, minmay_misc_feat_tower,
          uniq_blork_the_orc, uniq_menkaure
D:6:      layout_cave_pools, gup_sewer_entry_bubbles, serial_bayou_pond_a,
          kennysheep_boxes
D:7:      layout_basic, ashenzari_conservatory_becter, zin_angel,
          nicolae_wu_jian_wuxing_cycle, nrook_loot_triangle,
          chequers_serial_rivers_room_a
D:8:      layout_loops_ring, jmf_multi_god_temple
D:9:      layout_basic, nicolae_ru_awakened_eye, marbit_many_paths,
          nemelex_diamond_rough_becter, dpeg_lair_monsters, david_orc_3,
          gammafunk_ghost_grave
Temple:   corrupted_temple

Skill      XL: |  1  2  3  4  5  6  7  8  9 10 |
---------------+-------------------------------+-----
Polearms       | 5 6 7 9 10 11 | 11.1
Armour         | 1 2 3 4 5 |  5.2
Fighting       | 3 4 5 6 7 8 |  8.2
Dodging        | 5 6 7 8 9 10 | 10.2
Shields        | 1 |  1.7
Invocations    | 1 |  1.0
Throwing       | |  2.0

Action                   |  1- 3 |  4- 6 |  7- 9 | 10-12 || total
-------------------------+-------+-------+-------+-------++-------
Melee: Trident           |   118 |   222 |   380 |    91 ||   811
       Tailslap          |       |       |     3 |       ||     3
Throw: Throwing net      |       |       |     3 |       ||     3
Evoke: Wand              |       |       |     1 |       ||     1
  Use: Scroll            |     3 |     3 |     9 |       ||    15
       Potion            |     3 |       |       |     1 ||     4
 Stab: Sleeping          |     1 |     3 |       |       ||     4
Armor: Leather armour    |    23 |    62 |    53 |     3 ||   141
Dodge: Dodged            |   107 |   223 |   223 |    48 ||   601
